 Dungeon Crawl Stone Soup version 0.30.0-13-g156ef70053 (webtiles) character file.

Game seed: 6537181706574775488

590 Orangeyouglad the Covered (level 7, -3/53 HPs)
             Began as a Human Artificer on May 17, 2023.
             Was a Follower of Zin.
             Slain by a white imp (5 damage)
             ... on level 5 of the Dungeon.
             The game lasted 00:09:25 (4752 turns).

Orangeyouglad the Covered (Human Artificer)         Turns: 4752, Time: 00:09:26

Health: -3/53      AC:  5    Str: 14    XL:     7   Next: 66%
Magic:  10/10      EV: 11    Int: 12    God:    Zin [*.....]
Gold:   101        SH:  0    Dex: 13    Spells: 7/10 levels left

rFire   . . .        c - +0 quarterstaff
rCold   . . .        (shield currently unavailable)
rNeg    + . .        l - +0 ring mail
rPois   .            (no helmet)
rElec   .            (no cloak)
rCorr   .            (no gloves)
SInv    .            (no boots)
Will    .....        (no amulet)
Stlth   +            i - ring of positive energy
HPRegen 0.28/turn    (no ring)
MPRegen 0.12/turn

%: no passive effects
@: on recite cooldown, hasted, very quick
A: no striking features
a: Renounce Religion, Recite, Donate Gold


You were on level 5 of the Dungeon.
You worshipped Zin.
Zin was aware of your devotion.
You visited 2 branches of the dungeon, and saw 6 of its levels.

You collected 183 gold pieces.
You donated 82 gold pieces to Zin.

Inventory:

Hand Weapons
 c - a +0 quarterstaff (weapon)
 j - a +0 trident
 n - a +0 mace
Missiles
 a - 9 poisoned darts (quivered)
 g - 6 atropa-tipped darts
Armour
 b - a +0 leather armour
 l - a +0 ring mail (worn)
Jewellery
 i - a ring of positive energy (left hand)
 B - a ring of flight
Wands
 d - a wand of charming (13)
 e - a wand of flame (2)
Scrolls
 f - a scroll of summoning {unknown}
 h - 2 scrolls of teleportation
 m - a scroll of vulnerability {unknown}
 o - a scroll of amnesia {unknown}
 p - 5 scrolls of enchant weapon {unknown}
 q - 2 scrolls of identify {unknown}
 r - a scroll of silence {unknown}
 s - a scroll of brand weapon {unknown}
 t - 2 scrolls of magic mapping {unknown}
Potions
 k - a potion of haste
 u - a potion of attraction {unknown}
 v - a potion of ambrosia {unknown}
 w - a potion of heal wounds {unknown}
 x - a potion of invisibility {unknown}
 z - a potion of cancellation {unknown}
 A - a potion of flight {unknown}


   Skills:
 + Level 3.8 Fighting
 + Level 4.2 Armour
 + Level 3.8 Dodging
 - Level 1.0 Stealth
 - Level 2.4 Spellcasting
 + Level 1.9 Ice Magic
 - Level 3.0 Evocations


You had 7 spell levels left.
You knew the following spells:

 Your Spells              Type           Power      Damage    Failure   Level
a - Frozen Ramparts       Ice            12%        1d2       56%         3

Your spell library contained the following spells:

 Spells                   Type           Power      Damage    Failure   Level
 Freeze                   Ice            24%        1d4       22%         1
 Magic Dart               Conj           4%         1d3       45%         1
 Poisonous Vapours        Pois/Air       2%         N/A       58%         2
 Searing Ray              Conj           2%         2d4       58%         2
 Hailstorm                Conj/Ice       3%         3d3       69%         3
 Mephitic Cloud           Conj/Pois/Air  1%         N/A       83%         3
 Cause Fear               Hex            0%         N/A       99%         4
 Fulminant Prism          Conj/Hex       0%         3d5       99%         4
 Freezing Cloud           Conj/Ice/Air   1%         6-21      100%        5
 Discord                  Hex            0%         N/A       100%        8


Dungeon Overview and Level Annotations

Branches:
Dungeon (5/15)             Temple (1/1) D:4

Altars:
Fedhas
Kikubaaqudgha
Makhleb
Qazlal
Sif Muna
Uskayaw
Wu Jian
Xom
Yredelemnul
Zin
The Shining One

Shops:
D:1 ?


Message History

The hound barely misses you. The white imp gestures at you.
The puff of frost misses you. The hound bites you.
* * * LOW HITPOINT WARNING * * *
The hound closely misses you.
Okay, then.
Okay, then.
Throw: 2 javelins
Press: ? - help, Q - select action, (/) - cycle Shift-Dir - straight line, f - hound
Aim: a hound (severely wounded, 46% to hit)
You throw a javelin. The javelin pierces through the hound!
You kill the hound!
The white imp hits you.
* * * LOW HITPOINT WARNING * * *
The white imp freezes you.
* * * LOW HITPOINT WARNING * * *
Throw: javelin
Press: ? - help, Q - select action, (/) - cycle Shift-Dir - straight line, f - white imp
Aim: a white imp (57% to hit)
You throw a javelin.
The javelin closely misses the white imp.
The white imp gestures at you. The puff of frost hits you.
* * * LOW HITPOINT WARNING * * *
The white imp gestures at you.
The puff of frost hits you but does no damage.
Okay, then.
The white imp hits you but does no damage.
You sock the white imp!
The white imp is almost dead.
The white imp hits you.
* * * LOW HITPOINT WARNING * * *
The white imp freezes you.
* * * LOW HITPOINT WARNING * * *
Okay, then.
Okay, then.
It was a potion of haste.
You feel yourself speed up. The white imp hits you.
* * * LOW HITPOINT WARNING * * *
The white imp freezes you.
You die...

#.. #.. #### ######++######
###... #.....(......# #....#
.............# #.#...
.............# # #.#..#
.....<.#.....## .# #.#..#
>......#(.5@..###.# #.#..#
.......#(.†.......# #.#..#
(......#........#######.#..#
....(..#####............#..#
####+## #...#.#####.....#
#######.....# #..#...
..........########.#...
#######.......#....#...
#.###...#.##.#...


You could see a white imp.

Vanquished Creatures
  Sigmund (D:3)
  A black bear (D:4)
  2 hounds
  A jelly (D:5)
  Ijyb (D:5)
  Terence (D:2)
  An orc wizard (D:4)
  6 gnolls
  2 adders
  A white imp (D:5)
  A dart slug (D:1)
  3 orcs
  11 endoplasms
  4 giant cockroaches
  8 hobgoblins
  4 jackals
  3 quokkas (D:2)
  7 ball pythons
  8 bats
  6 frilled lizards
  4 goblins
  7 kobolds
  6 rats
89 creatures vanquished.

Vanquished Creatures (others)
  A jackal (D:3)
  A ball python (D:2)
2 creatures vanquished.

Grand Total: 91 creatures vanquished

Notes
Turn   | Place    | Note
-------+----------+-------------------------------------------
     0 | D:1      | Orangeyouglad the Human Artificer began the quest for the
                  | Orb.
     0 | D:1      | Reached XP level 1. HP: 15/15 MP: 1/1
    38 | D:1      | Found Woaris's Magic Scroll Shop.
   141 | D:1      | Reached XP level 2. HP: 15/21 MP: 2/2
   490 | D:1      | Reached XP level 3. HP: 22/26 MP: 4/4
   514 | D:1      | Got Kounka's Codex of Enchantment
   609 | D:1      | Reached skill level 1 in Spellcasting
   657 | D:1      | You fall into a shaft and drop 1 floor!
   794 | D:2      | Noticed Terence
   809 | D:2      | Killed Terence
   810 | D:2      | Reached XP level 4. HP: 33/33 MP: 5/5
  1703 | D:3      | Noticed Sigmund
  1728 | D:3      | Killed Sigmund
  1729 | D:3      | Reached skill level 3 in Armour
  1729 | D:3      | Reached XP level 5. HP: 41/41 MP: 6/8
  1729 | D:3      | Reached XP level 6. HP: 47/47 MP: 6/9
  2001 | D:3      | Learned a level 3 spell: Frozen Ramparts
  2652 | D:4      | Found a staircase to the Ecumenical Temple.
  2928 | Temple   | Entered the Ecumenical Temple
  3080 | Temple   | Became a worshipper of Zin the Law-Giver
  3080 | Temple   | Reached * piety under Zin
  3081 | Temple   | Donated 64 gold pieces to Zin
  3532 | D:4      | Noticed a black bear
  3542 | D:4      | Killed a black bear
  3543 | D:4      | Reached skill level 4 in Armour
  3543 | D:4      | Reached skill level 1 in Ice Magic
  3543 | D:4      | Reached XP level 7. HP: 15/52 MP: 10/10
  4056 | D:5      | Entered Level 5 of the Dungeon
  4352 | D:5      | Noticed Ijyb
  4435 | D:5      | Killed Ijyb
  4751 | D:5      | HP: 2/53 [white imp (3)]
  4752 | D:5      | Slain by a white imp

Illustrated notes

Levels and vault maps discovered:
D:1:      minmay_arrival_four_loops, layout_loops_ring, serial_shops, shop,
          nicolae_concentric_dashed_squares_mild
D:2:      layout_rooms, kennysheep_generic_room_14, uniq_terence
D:3:      layout_basic, uniq_sigmund
D:4:      layout_basic, minmay_temple_entry_hall
D:5:      layout_basic, kennysheep_dice, uniq_ijyb
Temple:   jpeg_temple_clearing

Skill      XL: |  1  2  3  4  5  6 |
---------------+-------------------+-----
Spellcasting   | 1 2 |  2.4
Fighting       | 3 |  3.8
Dodging        | 2 3 |  3.8
Armour         | 3 4 |  4.2
Ice Magic      | 1 |  1.9
Stealth        | |  1.0
Evocations     | |  3.0

Action                     |  1- 3 |  4- 6 |  7- 9 || total
---------------------------+-------+-------+-------++-------
  Melee: Hand axe          |    52 |       |       ||    52
         Trident           |    32 |   206 |       ||   238
         Punch             |     1 |     2 |       ||     3
         Quarterstaff      |       |       |    30 ||    30
  Throw: Dart              |       |     2 |     6 ||     8
         Javelin           |       |       |     8 ||     8
 Invoke: Donate Gold       |       |     1 |       ||     1
         Recite            |       |       |     2 ||     2
  Evoke: Wand              |     5 |    15 |     2 ||    22
    Use: Scroll            |     1 |       |       ||     1
         Potion            |       |       |     1 ||     1
   Stab: Sleeping          |       |     1 |       ||     1
 Armour: Leather armour    |    15 |       |       ||    15
         Ring mail         |    17 |    77 |    18 ||   112
  Dodge: Dodged            |    48 |   160 |    36 ||   244
